 Dungeon Crawl Stone Soup version 0.19.1 (webtiles) character file.

52 SQman the Magician (level 3, 0/27 HPs)
             Began as a Draconian Wanderer on Dec 9, 2016.
             Was an Initiate of Fedhas.
             Slain by an adder (2 damage)
             ... on level 3 of the Dungeon.
             The game lasted 00:13:25 (1379 turns).

SQman the Magician (Draconian Wanderer)             Turns: 1379, Time: 00:13:25

Health: 0/27       AC:  6    Str:  8 (12) XL:     3   Next: 60%
Magic:  2/7        EV: 11    Int: 14 (17) God:    Fedhas [......]
Gold:   52         SH:  0    Dex:  6 (8)  Spells: 3 memorised, 0 levels left

rFire  . . .     SeeInvis .     a - +2 spear
rCold  . . .     Gourm    .     (armour unavailable)
rNeg   . . .     Faith    .     (no shield)
rPois  +         Spirit   .     (helmet restricted)
rElec  .         Reflect  .     (no cloak)
rCorr  .         Harm     .     (no gloves)
MR     +....                    e - +0 pair of boots
Stlth  +.........               (no amulet)
                                (no ring)
                                h - ring of poison resistance

@: very slightly contaminated
A: unfitting armour, deterioration 1, frail 1, magic resistance 1, sense
surroundings 1, poison resistance, slow regeneration 1, cold-blooded, AC +5
a: Fungal Bloom, Renounce Religion


You were on level 3 of the Dungeon.
You worshipped Fedhas.
Fedhas was noncommittal.
You were not hungry.

You visited 1 branch of the dungeon, and saw 3 of its levels.

You collected 52 gold pieces.

Inventory:

Hand Weapons
 a - a +2 spear (weapon)
Armour
 e - a +0 pair of boots (worn)
 g - a +0 leather armour
Jewellery
 h - a ring of poison resistance (left hand)
Scrolls
 d - 2 scrolls of identify
Books
 b - the Papyrus of Toxins

   Spells                             Type                      Level
   a - Sting                          Conjuration/Poison           1
   b - Spider Form                    Transmutation/Poison         3
 c - the Incunabulum of the Compass

   Spells                             Type                      Level
   a - Apportation                    Translocation                1
   b - Teleport Other                 Translocation                3
Comestibles
 f - 3 chunks of flesh
 i - a meat ration
 j - a slice of pizza


   Skills:
 + Level 2.6 Fighting
 + Level 1.1 Polearms
 + Level 1.2 Dodging
 + Level 0.6 Stealth
   Level 1.0 Shields
 + Level 2.7 Spellcasting
   Level 1.0 Necromancy
 + Level 2.3 Translocations
   Level 1.0 Evocations


You couldn't memorise any spells.
You knew the following spells:

 Your Spells              Type           Power        Failure   Level  Hunger
a - Sting                 Conj/Pois      #...         24%         1    #......
b - Teleport Other        Tloc           #.......     24%         3    ###....
c - Spider Form           Tmut/Pois      #.........   73%         3    ###....


Dungeon Overview and Level Annotations

Branches:
Dungeon (3/15)

Altars:
Ashenzari
Fedhas
Kikubaaqudgha
Makhleb

Annotations:
D:3 Sigmund


Innate Abilities, Weirdness & Mutations

Your plain brown scales are hard. (AC +5)
You cannot fit into any form of body armour.
You are cold-blooded and may be slowed by cold attacks.
Your body sometimes deteriorates upon taking damage.
You are frail. (-10% HP)
You are resistant to hostile enchantments. (MR+)
You passively map a small area around you.
Your system is resistant to poisons. (rPois)
You regenerate slowly when monsters are visible.


Message History

The adder bites you but does no damage.
You hit the adder.
The adder is lightly wounded.
The adder bites you but does no damage. Something hits you but does no damage.
You closely miss the adder.
The adder is lightly wounded.
The adder barely misses you.
You puncture the adder!
The adder is severely wounded.
The adder barely misses you.
You hear some strange, mumbled words.
Something tries to affect you, but you resist.
Casting: Sting
Confirm with . or Enter, or press ? or * to list all spells.
Aiming: Sting
Press: ? - help, Shift-Dir - straight line, f - adder
Aim: an adder (severely wounded)
The sting misses the adder.
The adder bites you.
You die...
Fedhas appreciates your contribution to the ecosystem.

........# *, ,
........######## ,
.........<#....# ,
...............##.
* ,
..................
, .....).........##
** ........{......#
..........S....#
..........@..###
,..................
,
.............#####
............## , ,
............ , , ,
, ..........## * *
.####.$..# ######


You could see an adder.

Vanquished Creatures
  An adder (D:2)
  A worm (D:2)
  4 dart slugs (D:1)
  A giant cockroach (D:2)
  8 goblins
  5 hobgoblins
  2 kobolds
  2 bats
  3 frilled lizards (D:1)
  6 rats
33 creatures vanquished.

Vanquished Creatures (others)
  A toadstool (D:2)
1 creature vanquished.

Grand Total: 34 creatures vanquished

Notes
Turn   | Place    | Note
-------+----------+-------------------------------------------
     0 | D:1      | SQman the Draconian Wanderer began the quest for the Orb.
     0 | D:1      | SQman set off with: a +2 spear, the Papyrus of Toxins, the Incunabulum of the Compass, a bread ration
     0 | D:1      | Reached XP level 1. HP: 17/17 MP: 3/3
     2 | D:1      | Learned a level 1 spell: Sting
     2 | D:1      | Identified the Papyrus of Toxins
     2 | D:1      | Identified the Incunabulum of the Compass
     4 | D:1      | Learned a level 1 spell: Apportation
   144 | D:1      | Reached XP level 2. HP: 18/25 MP: 1/5
   354 | D:1      | Gained mutation: Your body sometimes deteriorates upon taking damage. [potion of mutation]
   354 | D:1      | Gained mutation: You are resistant to hostile enchantments. (MR+) [potion of mutation]
   354 | D:1      | Gained mutation: You are frail. (-10% HP) [potion of mutation]
   368 | D:1      | Gained mutation: You regenerate slowly when monsters are visible. [potion of mutation]
   368 | D:1      | Gained mutation: You passively map a small area around you. [potion of mutation]
   368 | D:1      | Gained mutation: Your system is resistant to poisons. (rPois) [potion of mutation]
   579 | D:1      | Reached XP level 3. HP: 23/27 MP: 7/7
   664 | D:1      | Learned a level 3 spell: Teleport Other
   668 | D:1      | Learned a level 3 spell: Spider Form
   797 | D:2      | Found a shattered altar of Ashenzari.
  1146 | D:2      | Reached skill level 1 in Polearms
  1169 | D:2      | Found an ancient bone altar of Kikubaaqudgha.
  1171 | D:2      | Found a blossoming altar of Fedhas.
  1195 | D:2      | Became a worshipper of Fedhas Madash
  1213 | D:2      | Found a burning altar of Makhleb.
  1356 | D:3      | Noticed Sigmund
  1379 | D:3      | Slain by an adder

Skill      XL: |  1  2  3 |
---------------+----------+-----
Polearms       | 1 |  1.1
Fighting       | |  2.6
Dodging        | |  1.2
Stealth        | |  0.6
Shields        | |  1.0
Spellcasting   | |  2.7
Necromancy     | |  1.0
Translocations | |  2.3
Evocations     | |  1.0

Action                   || total
-------------------------++-------
Melee: Spear             ||    89
       Tailslap          ||     2
       Unarmed           ||     1
 Cast: Sting             ||    36
       Spider Form       ||     1
Invok: Fungal Bloom      ||     1
  Use: Scroll            ||     8
       Potion            ||     4
  Eat: Bread ration      ||     1
Armor: Skin              ||    39
Dodge: Dodged            ||    49
